 Dungeon Crawl Stone Soup version 0.26.1-10-gdfb7c7de75 (webtiles) character file.

Game seed: 13278955568521376060

728 ytrimaz the Covert (level 7, -2/45 HPs)
             Began as an Octopode Brigand on Apr 3, 2021.
             Was an Initiate of Dithmenos.
             Slain by an ice beast (11 damage)
             ... on level 6 of the Dungeon.
             The game lasted 00:09:42 (6171 turns).

ytrimaz the Covert (Octopode Brigand)               Turns: 6171, Time: 00:09:42

Health: -2/45      AC:  1    Str: 10    XL:     7   Next: 72%
Magic:  7/7        EV: 13    Int: 13    God:    Dithmenos [......]
Gold:   196        SH:  0    Dex: 16    Spells: 6/6 levels left

rFire    . . .     SeeInvis .   a - +2 dagger
rCold    . . .     Faith    .   (no shield)
rNeg     . . .     Spirit   .   (helmet restricted)
rPois    .         Reflect  .   (no amulet)
rElec    .         Harm     .   d - ring of stealth
rCorr    .         Rampage  .   (no ring)
Will     .....                  (no ring)
Stlth    +++++++...             (no ring)
HPRegen  0.15/turn              (no ring)
MPRegen  0.10/turn              (no ring)
                                (no ring)
                                (no ring)

@: no status effects
A: almost no armour, stealthy swim, amphibious, 8 rings, constrict 8, camouflage
1, gelatinous body 1
a: Renounce Religion


You were on level 6 of the Dungeon.
You worshipped Dithmenos.
Dithmenos was noncommittal.
You visited 2 branches of the dungeon, and saw 7 of its levels.
You also visited: Sewer.

You collected 196 gold pieces.

Inventory:

Hand Weapons
 a - a +2 dagger (weapon)
 j - a +4 hunting sling
 l - a +0 rapier of venom
 m - a +0 shortbow of freezing
Missiles
 b - 13 poisoned darts
 c - a curare-tipped dart (quivered)
Jewellery
 d - a ring of stealth (left tentacle)
Wands
 p - a wand of digging (7)
 u - a wand of iceblast (5)
Scrolls
 e - 3 scrolls of enchant weapon
 k - a scroll of amnesia
 o - a scroll of blinking
 q - 2 scrolls of teleportation
 r - a scroll of fog
 s - a scroll of remove curse
 t - 2 scrolls of identify
Potions
 f - a potion of brilliance {unknown}
 g - 2 potions of curing
 h - a potion of haste {unknown}
 i - a potion of heal wounds
 n - 2 potions of degeneration {unknown}


   Skills:
 - Level 2.0 Fighting
 * Level 4.5 Short Blades
 - Level 2.0 Throwing
 - Level 1.0 Dodging
 * Level 11.2 Stealth


You had 6 spell levels left.
You didn't know any spells.
Your spell library was empty.

Dungeon Overview and Level Annotations

Branches:
Dungeon (6/15)             Temple (1/1) D:4           Sewer (visited)

Altars:
Ashenzari
Cheibriados
Dithmenos
Elyvilon
Fedhas
Gozag
Hepliaklqana
Makhleb
Nemelex Xobeh
Okawaru
Qazlal
Ru
Sif Muna
Trog
Uskayaw
Vehumet
Wu Jian
Xom
Yredelemnul
Zin
The Shining One


Innate Abilities, Weirdness & Mutations

You cannot wear most types of armour.
You are very stealthy in the water. (Stealth+)
You are amphibious.
You can wear up to eight rings at the same time.
You can use your tentacles to constrict eight enemies at once.
Your skin changes colour to match your surroundings (Stealth+).
Your rubbery body absorbs attacks. (AC +1, EV +1)


Message History

The ice beast is severely wounded.
The ice beast barely misses you.
You hit the ice beast but do no damage.
The ice beast is severely wounded.
The ice beast barely misses you.
You closely miss the ice beast.
The ice beast is severely wounded.
You closely miss the ice beast.
The ice beast is severely wounded.
The ice beast hits you. The ice beast freezes you.
You hit the ice beast.
The ice beast is severely wounded.
The ice beast hits you. The ice beast freezes you!
* * * LOW HITPOINT WARNING * * *
You hit the ice beast but do no damage.
The ice beast is severely wounded.
The ice beast hits you.
* * * LOW HITPOINT WARNING * * *
The ice beast freezes you!
You die...

.....##.##
.......<.###
...........#
#####....#......
#.#.## #####
#.#.#
#.#.#########
#.#.$........
#@##.......#
#Y##.$.....#
#Z##.......#
#.##.#....>#
#..........#
####.........
#...##....B
........###.
###...##.#


You could see an ice beast and a jackal zombie.

Vanquished Creatures
  Purgy (Sewer)
  An ice beast (D:6)
  An ogre (D:4)
  A centaur (D:5)
  A hound (D:4)
  An orc priest (D:3)
  An iguana (D:4)
  2 orc wizards (D:3)
  A worker ant (D:4)
  5 gnolls
  6 adders
  An adder zombie (D:5)
  2 adder skeletons
  2 dart slugs
  2 worms
  2 leopard geckos
  7 orcs
  A ball python (D:4)
  4 giant cockroaches
  13 goblins
  8 hobgoblins
  5 jackals
  6 quokkas
  3 bats
  8 frilled lizards
  11 kobolds
  A leopard gecko zombie (D:5)
  5 rats
102 creatures vanquished.

Notes
Turn   | Place    | Note
-------+----------+-------------------------------------------
     0 | D:1      | ytrimaz the Octopode Brigand began the quest for the Orb.
     0 | D:1      | Reached XP level 1. HP: 14/14 MP: 1/1
   188 | D:1      | Reached XP level 2. HP: 19/19 MP: 2/2
   191 | D:1      | Reached skill level 6 in Stealth
   566 | D:1      | Reached XP level 3. HP: 24/24 MP: 3/3
  1146 | D:2      | Reached skill level 7 in Stealth
  1410 | D:2      | Reached XP level 4. HP: 23/29 MP: 4/4
  1800 | D:3      | Found a glowing drain.
  1810 | Sewer    | Entered a sewer
  1857 | Sewer    | Noticed Purgy
  1873 | Sewer    | Killed Purgy
  1874 | Sewer    | Reached skill level 8 in Stealth
  1874 | Sewer    | Reached XP level 5. HP: 25/34 MP: 5/5
  2737 | D:3      | Reached skill level 9 in Stealth
  2737 | D:3      | Reached XP level 6. HP: 28/39 MP: 6/6
  4005 | D:4      | Found a staircase to the Ecumenical Temple.
  4018 | Temple   | Entered the Ecumenical Temple
  4141 | Temple   | Became a worshipper of Dithmenos the Shadowed
  4385 | D:4      | Reached skill level 10 in Stealth
  4412 | D:4      | Reached XP level 7. HP: 45/45 MP: 7/7
  4724 | D:4      | Found a snail-covered altar of Cheibriados.
  4991 | D:5      | Entered Level 5 of the Dungeon
  6142 | D:6      | Reached skill level 11 in Stealth
  6171 | D:6      | Slain by an ice beast

Illustrated notes

Levels and vault maps discovered:
D:1:      psy_arrival_radial02, layout_basic
D:2:      layout_basic
D:3:      layout_rooms, cheibrodos_sewer_entry_drain
D:4:      layout_cave_pods, minmay_temple_entry_gardened_gates,
          cheibriados_altar_1
D:5:      layout_loops_ring
D:6:      layout_loops_ring, amcnicky_mini_rare_corridor_liquid
Temple:   kilobyte_greek_temple

Skill      XL: |  1  2  3  4  5  6  7 |
---------------+----------------------+-----
Stealth        | 6 7 8 9 10 11 | 11.2
Short Blades   | 3 4 |  4.5
Fighting       | |  2.0
Throwing       | |  2.0
Dodging        | |  1.0

Action                   |  1- 3 |  4- 6 |  7- 9 || total
-------------------------+-------+-------+-------++-------
Melee: Dagger            |    69 |    90 |    76 ||   235
       Constrict         |    16 |    18 |     6 ||    40
       Tentacles         |     7 |    21 |    14 ||    42
Throw: Dart              |       |     8 |       ||     8
  Use: Scroll            |       |     7 |     5 ||    12
       Potion            |       |       |     1 ||     1
 Stab: Sleeping          |    21 |    15 |    10 ||    46
Armor: Skin              |     3 |     3 |     3 ||     9
Dodge: Dodged            |    27 |    50 |    45 ||   122
